Map: Eternal Empire LE

Players

TLHarstem (Harstem) - Winner!

  • Race: Protoss Protoss
  • League: Master
  • Spawn Location: 1:00

goblin

  • Race: Protoss Protoss
  • League: Master
  • Spawn Location: 7:00

Event: StayAtHomestory Cup #1

VOD

Have the link to the VOD?

Description

Time

  • Played on: April 10, 2020, 10:45 a.m.
  • Length: 10:05

All games in this series

Show
View Real Time Build Order
Export as new Build Order

TLHarstem Protoss - Winner!

Build Orders: Phoenix Opening, Archon Immortal 

Get SALT Encoding   

  12  0:00  Probe  
  13  0:13  Probe  
  14  0:18  Pylon  
  14  0:25  Probe (Chrono Boost)  
  15  0:37  Probe (Chrono Boost), Gateway  
  16  0:45  Probe (Chrono Boost)  
  16  0:48  Assimilator  
  17  0:51  Probe  
  17  0:55  Assimilator  
  18  1:03  Probe (Chrono Boost)  
  19  1:08  Gateway  
  19  1:13  Probe (Chrono Boost)  
  19  1:18  Probe (Chrono Boost)  
  20  1:24  Cybernetics Core  
  21  1:29  Probe  
  22  1:35  Pylon  
  22  1:41  Probe  
  23  1:54  Probe  
  24  1:59  Warp Gate (Chrono Boost)  
  24  2:00  Stalker x2  
  28  2:07  Pylon  
  28  2:09  Probe  
  29  2:30  Stalker  
  29  2:31  Sentry  
  33  2:49  Probe  
  33  2:50  Nexus  
  34  2:58  Sentry  
  36  3:02  Pylon  
  36  3:03  Probe  
  36  3:05  Sentry  
  39  3:06  Phoenix  
  38  3:15  Probe  
  39  3:23  Robotics Facility  
  39  3:27  Probe  
  39  3:28  Shield Battery  
  40  3:39  Probe  
  41  3:42  Stalker  
  41  3:44  Stalker  
  46  4:05  Stalker  
  46  4:09  Phoenix  
  47  4:11  Immortal (Chrono Boost)  
  51  4:18  Probe  
  51  4:22  Stalker  
  54  4:24  Pylon  
  54  4:26  Probe  
  54  4:30  Probe  
  56  4:31  Shield Battery  
  56  4:41  Immortal (Chrono Boost)  
  60  4:49  Zealot  
  62  4:56  Pylon  
  62  4:59  Probe  
  63  5:09  Stalker x2  
  63  5:14  Immortal (Chrono Boost)  
  63  5:26  Probe  
  64  5:29  Pylon  
  64  5:33  Stalker  
  64  5:34  Stalker  
  68  5:36  Probe  
  69  5:49  Observer (Chrono Boost)  
  73  5:52  Shield Battery  
  70  5:58  Probe  
  70  5:59  Adept x2  
  70  6:00  Probe  
  74  6:10  Probe  
  72  6:12  Probe  
  72  6:13  Warp Prism (Chrono Boost)  
  75  6:19  Forge  
  75  6:21  Zealot  
  75  6:22  Probe  
  75  6:24  Probe  
  77  6:35  Probe  
  77  6:36  Probe  
  77  6:39  Pylon, Twilight Council  
  80  6:47  Immortal (Chrono Boost)  
  80  6:51  Protoss Ground Weapons Level 1  
  84  6:54  Zealot  
  85  7:01  Zealot  
  85  7:05  Gateway  
  85  7:06  Shield Battery  
  85  7:09  Probe  
  85  7:12  Observer  
  85  7:13  Assimilator  
  85  7:15  Zealot  
  88  7:23  Probe  
  88  7:25  Probe  
  88  7:26  Charge (Chrono Boost), Photon Cannon  
  90  7:34  Assimilator  
  90  7:35  Probe  
  91  7:37  Zealot  
  93  7:46  Pylon  
  93  7:49  Probe  
  94  7:53  Photon Cannon, Gateway  
  94  7:59  Gateway  
  94  8:08  Gateway  
  94  8:09  Pylon  
  94  8:12  Probe  
  93  8:14  Gateway  
  93  8:22  Observer  
  93  8:23  Gateway  
  93  8:24  Gateway  
  93  8:31  Templar Archives  
  93  8:36  Zealot x2  
  93  8:38  Pylon  
  97  8:41  Pylon  
  97  9:06  Pylon  
  97  9:08  High Templar x4  
  105  9:14  Archon x2  
  105  9:19  Zealot x4  
  105  9:20  Zealot  
  111  9:44  Probe  
  110  9:46  Dark Shrine  
  100  9:54  High Templar x2  
  100  9:55  Zealot x3  
  104  9:58  Nexus  
Show
View Real Time Build Order
Export as new Build Order

goblin Protoss 

Build Orders: Blink Stalkers 

Get SALT Encoding   

  12  0:01  Probe  
  13  0:13  Probe  
  14  0:17  Pylon  
  14  0:25  Probe (Chrono Boost)  
  15  0:36  Gateway  
  15  0:37  Probe (Chrono Boost)  
  16  0:45  Probe (Chrono Boost)  
  16  0:46  Assimilator  
  17  0:51  Probe  
  17  0:54  Assimilator  
  18  1:03  Probe (Chrono Boost)  
  19  1:09  Gateway  
  19  1:13  Probe (Chrono Boost)  
  19  1:18  Probe (Chrono Boost)  
  21  1:25  Cybernetics Core  
  21  1:29  Probe  
  22  1:39  Pylon  
  22  1:44  Probe  
  23  2:01  Stalker  
  23  2:02  Stalker, Warp Gate  
  27  2:13  Twilight Council  
  27  2:20  Pylon  
  27  2:32  Probe  
  27  2:35  Stalker  
  30  2:38  Stalker  
  32  2:45  Blink (Chrono Boost)  
  32  2:58  Gateway  
  32  3:12  Gateway  
  32  3:17  Stalker  
  34  3:23  Stalker  
  36  3:29  Pylon  
  36  4:01  Stalker  
  36  4:02  Stalker x2  
  42  4:06  Pylon  
  42  4:07  Stalker  
  42  4:21  Pylon  
  42  4:25  Stalker  
  42  4:29  Stalker  
  46  4:43  Stalker  
  48  4:45  Stalker  
  50  4:53  Stalker  
  52  5:01  Pylon  
  46  5:16  Stalker x2  
  50  5:29  Adept x2  
  54  5:48  Stalker x2  
  54  6:14  Nexus  
  54  6:16  Probe  
  55  6:21  Sentry  
  55  6:23  Sentry  
  59  6:28  Probe  
  60  6:33  Stalker  
  62  6:40  Probe (Chrono Boost)  
  62  6:42  Charge  
  63  6:48  Pylon  
  63  6:58  Shield Battery  
  63  7:06  Stalker  
  63  7:11  Probe  
  64  7:23  Probe (Chrono Boost)  
  64  7:29  Probe (Chrono Boost)  
  66  7:35  Probe (Chrono Boost)  
  66  7:36  Sentry  
  69  7:39  Probe (Chrono Boost)  
  69  7:40  Probe (Chrono Boost)  
  69  7:44  Probe (Chrono Boost)  
  72  7:51  Gateway x2  
  72  7:52  Probe  
  72  7:55  Probe  
  74  8:04  Probe  
  75  8:08  Stalker x2  
  77  8:16  Zealot x2  
  77  8:17  Probe  
  82  8:21  Probe  
  82  8:24  Pylon  
  83  8:34  Stalker  
  83  8:38  Probe  
  83  8:39  Pylon  
  86  8:42  Probe  
  87  8:55  Zealot  
  87  8:56  Zealot x2  
  87  9:01  Templar Archives, Pylon  
  93  9:07  Stalker  
  95  9:22  Stalker x2  
  95  9:34  Zealot  
  95  9:35  Zealot x3  
Tags
 
Add a new tag
Caveats
  • Supply blocks, unpowered buildings, or Contaminate may cause inaccurate times.
  • Supply counts are checked every 10 seconds.